 Dungeon Crawl Stone Soup version 0.29-a0-973-gac7da5f7f0 (webtiles) character file.

Game seed: 16594803425939317837

12 porpoise the Sneak (level 2, -1/24 HPs)
             Began as a Formicid Brigand on Aug 1, 2022.
             Slain by Robin
             ... wielding a +1 dagger of venom
              (2 damage)
             ... on level 1 of the Dungeon.
             The game lasted 00:03:02 (1013 turns).

porpoise the Sneak (Formicid Brigand)               Turns: 1013, Time: 00:03:03

Health: -1/24      AC:  6    Str: 15    XL:     2   Next: 45%
Magic:  2/2        EV: 10    Int: 10    God:
Gold:   29         SH:  0    Dex: 15    Spells: 1/1 levels left

rFire   . . .      SeeInvis +   a - +2 dagger
rCold   . . .      Faith    .   (no shield)
rNeg    . . .      Spirit   .   j - +0 ring mail
rPois   .          Reflect  .   (helmet unavailable)
rElec   .          Harm     .   c - +0 cloak
rCorr   .          Rampage  .   (no gloves)
Will    .....                   (no boots)
Stlth   ++........              (no amulet)
HPRegen 0.08/turn               (no ring)
MPRegen 0.08/turn               (no ring)

@: lethally poisoned (-1 -> -6)
A: permanent stasis, dig shafts and tunnels, antennae 3, four strong arms
a: Dig, Shaft Self


You were on level 1 of the Dungeon.
You visited 1 branch of the dungeon, and saw 2 of its levels.

You collected 57 gold pieces.
You spent 28 gold pieces at shops.

Inventory:

Hand Weapons
 a - a +2 dagger (weapon)
 k - a +0 flail
Missiles
 d - 14 poisoned darts (quivered)
 e - 3 curare-tipped darts
Armour
 c - a +0 cloak (worn)
 j - a +0 ring mail (worn)
Scrolls
 b - a scroll of amnesia {unknown}
 g - a scroll of magic mapping {unknown}
 h - a scroll of fog {unknown}
 i - 2 scrolls of identify


   Skills:
 + Level 3.2 Fighting
 - Level 2.0 Short Blades
 - Level 2.0 Throwing
 - Level 0.8 Dodging
 - Level 4.8 Stealth


You had one spell level left.
You didn't know any spells.
Your spell library was empty.

Dungeon Overview and Level Annotations

Branches:
Dungeon (2/15)

Altars:

Shops:
D:1 ?

Annotations:
D:1 Robin


Innate Abilities, Weirdness & Mutations

You cannot be hasted, slowed, berserked, paralysed or teleported.
You can dig through walls and to a lower floor.
You have a pair of large antennae on your head. (SInv)
Your four strong arms can wield two-handed weapons with a shield.


Message History

Robin hits you with a +1 dagger of venom.
You are poisoned.
The hobgoblin hits you but does no damage.
The rat barely misses you.
You barely miss Robin.
Robin is moderately wounded.
You feel sick. The goblin barely misses you.
Robin says, "Bow before me, strongest of all the hobgoblins!"
Robin misses you. The hobgoblin closely misses you. The rat barely misses you.
You feel better. The goblin hits you with a +0 dagger.
Robin hits you with a +1 dagger of venom.
* * * LOW HITPOINT WARNING * * *
The hobgoblin hits you.
* * * LOW HITPOINT WARNING * * *
The rat bites you but does no damage.
You feel better. The goblin hits you with a +0 dagger.
Robin hits you with a +1 dagger of venom.
The hobgoblin hits you but does no damage.
The rat bites you but does no damage.
You hit Robin.
Robin is moderately wounded.
The goblin hits you with a +0 dagger.
* * * LOW HITPOINT WARNING * * *
Robin hits you but does no damage.
You are lethally poisoned!
The hobgoblin barely misses you. The rat bites you but does no damage.
You barely miss Robin.
Robin is moderately wounded.
* * * LOW HITPOINT WARNING * * *
You feel sick. The goblin barely misses you. Robin barely misses you.
The hobgoblin hits you.
* * * LOW HITPOINT WARNING * * *
The rat completely misses you.
You aren't carrying any potions.
You hit Robin.
Robin is severely wounded.
* * * LOW HITPOINT WARNING * * *
You feel sick. The goblin barely misses you.
Robin hits you with a +1 dagger of venom.
You die...

...#<..'...'...#...#
#.#
...#######.#...#...#
#.#####
...#.....#.#...#...#
#.....#
...#.....'.#####...#
#####.#
...#.....#.'...#...#
#..
...#.....#.#.⌠⌠#...#
###
...#############...#
...............g.g.###
###
...............r@....#
#.####
############...g))...#
#.....
#.........#######.####
#.........##......#
#.................#
#####..####.......#
#..####.......#
#.....#.......#
#.###.#.#####.#


You could see Robin, a hobgoblin (strong), a goblin (strong) and a rat.

Vanquished Creatures
  A dart slug (D:1)
  An endoplasm (D:1)
  4 goblins (D:1)
  2 hobgoblins (D:1)
8 creatures vanquished.

Notes
Turn   | Place    | Note
-------+----------+-------------------------------------------
     0 | D:1      | porpoise the Formicid Brigand began the quest for the Orb.
     0 | D:1      | Reached XP level 1. HP: 16/16 MP: 1/1
   457 | D:1      | Found Ovui's Magic Scroll Boutique.
   478 | D:1      | Bought a scroll of identify for 28 gold pieces
   537 | D:2      | Noticed Robin
   541 | D:1      | Reached XP level 2. HP: 18/23 MP: 2/2
   706 | D:1      | HP: 1/24 [goblin/+0 club[Robin] (1)]
  1013 | D:1      | HP: 1/24 [poisoned by Robin]
  1013 | D:1      | Slain by Robin

Illustrated notes

Levels and vault maps discovered:
D:1:      evilmike_arrival_home_sweet_home, layout_basic, serial_shops,
          nicolae_shop_temple_entry_statues_fountains, wad_floor_pattern_2
D:2:      layout_basic, serial_glass, glass_columns_b, glass_columns_b,
          glass_columns_a, minmay_tiny_reverse_x, uniq_robin

Skill      XL: |  1  2 |
---------------+-------+-----
Fighting       | 3 |  3.2
Short Blades   | |  2.0
Throwing       | |  2.0
Dodging        | |  0.8
Stealth        | |  4.8

Action                   || total
-------------------------++-------
Melee: Dagger            ||    34
  Use: Scroll            ||     1
       Potion            ||     2
 Stab: Sleeping          ||     2
Armor: Ring mail         ||    15
Dodge: Dodged            ||    34

Table legend: (Time is in decaauts)
 A = Elapsed time spent in this place.
 B = Non-inter-level travel time spent in this place.
 C = Inter-level travel time spent in this place.
 D = Time resting spent in this place.
 E = Time spent auto-exploring this place.
 F = Levels seen in this place.
 G = Mean time per level.
                   A        B        C        D        E       F      G
               +--------+--------+--------+--------+--------+-----+--------+
         Total |   1010 |   1003 |      7 |    433 |    364 |   2 |  505.0 |
       Dungeon |   1010 |   1003 |      7 |    433 |    364 |   2 |  505.0 |
               +--------+--------+--------+--------+--------+-----+--------+

Top non-repeatable levels by time:
     D:1: 1004 daAuts
     D:2: 6 daAuts
